 Dungeon Crawl Stone Soup version 0.19.1 (webtiles) character file.

7742 BarneyGumball the Basher (level 11, -5/60 HPs)
             Began as a Gargoyle Fighter on Dec 28, 2016.
             Was an Elder of Okawaru.
             Slain by an orc warrior
             ... wielding a +0 glaive
              (18 damage)
             ... in a bailey on Dec 29, 2016.
             The game lasted 00:53:04 (9183 turns).

BarneyGumball the Basher (Gargoyle Fighter)         Turns: 9183, Time: 00:53:05

Health: -5/60      AC: 24    Str: 20    XL:     11   Next: 20%
Magic:  11/11      EV:  5    Int: 17    God:    Okawaru [****..]
Gold:   677        SH: 11    Dex: 16    Spells: 0 memorised, 10 levels left

rFire  . . .     SeeInvis .     i - +1 hand axe of Immorality {elec, rC+ Int+3}
rCold  + . .     Gourm    .     A - +2 chain mail {rN+}
rNeg   + + +     Faith    .     n - +2 shield
rPois  ∞         Spirit   .     C - +1 hat of Tetaetwu {rElec Int+5}
rElec  +         Reflect  .     s - +0 cloak
rCorr  .         Harm     .     p - +0 pair of gloves
MR     .....                    B - +1 pair of boots
Stlth  ..........               c - amulet of magic regeneration
                                K - +4 ring of dexterity
                                x - ring of positive energy

@: no status effects
A: negative energy resistance 1, electricity resistance, unbreathing,
petrification resistance, rot immunity, AC +7
a: Heroism, Renounce Religion


You were in a bailey.
You worshipped Okawaru.
Okawaru was greatly pleased with you.
You were not hungry.

You visited 2 branches of the dungeon, and saw 12 of its levels.
You also visited: Bailey.

You collected 677 gold pieces.

Inventory:

Hand Weapons
 a - a +1 flail
 i - the +1 hand axe of Immorality (weapon) {elec, rC+ Int+3}
   (You found it on level 1 of the Dungeon)

   Occasionally, upon striking a foe, it will discharge some electrical energy
   and cause terrible harm.
   It affects your intelligence (+3).
   It protects you from cold.
Armour
 n - a +2 shield (worn)
 p - a +0 pair of gloves (worn)
 s - a +0 cloak (worn)
 A - a +2 chain mail of positive energy (worn)
 B - a +1 pair of boots (worn)
 C - the +1 hat of Tetaetwu (worn) {rElec Int+5}
   (You found it on level 7 of the Dungeon)

   It affects your intelligence (+5).
   It insulates you from electricity.
Jewellery
 c - an amulet of magic regeneration (around neck)
 x - a ring of positive energy (left hand)
 K - a +4 ring of dexterity (right hand)
Wands
 b - a wand of disintegration (13/24)
 y - a wand of digging (11/24)
 H - a wand of polymorph (9/24)
 I - a wand of random effects (32/48)
 N - a wand of enslavement (14/24)
Scrolls
 l - 7 scrolls of identify
 o - a scroll of teleportation
 r - 2 scrolls of enchant armour
 v - a scroll of remove curse
 L - a scroll of amnesia {unknown}
Potions
 d - 3 potions of might
 e - 4 potions of heal wounds
 f - 3 potions of haste
 h - 6 potions of curing
 j - 2 potions of berserk rage {unknown}
 m - a potion of degeneration {unknown}
 q - a potion of flight {unknown}
 u - 3 potions of agility
 z - a potion of magic {unknown}
 D - 3 potions of brilliance
 E - a potion of lignification {unknown}
 F - a potion of experience {unknown}
 M - a potion of invisibility {unknown}
 O - a potion of resistance {unknown}
Books
 w - a book of Conjurations

   Spells                             Type                      Level
   a - Magic Dart                     Conjuration                  1
   b - Searing Ray                    Conjuration                  2
   c - Dazzling Spray                 Conjuration/Hexes            3
   d - Fulminant Prism                Conjuration/Hexes            4
   e - Iskenderun's Mystic Blast      Conjuration                  4
   f - Iskenderun's Battlesphere      Conjuration/Charms           5
Comestibles
 g - 10 meat rations
 k - 2 royal jellies
 t - 3 bread rations
 G - 15 fruits
 J - 7 slices of pizza


   Skills:
 - Level 3.6 Fighting
 + Level 10.7(12.6) Axes
 - Level 12.0(13.8) Maces & Flails
 - Level 3.3 Armour
 - Level 3.3 Shields


You had 10 spell levels left.
You didn't know any spells.

Dungeon Overview and Level Annotations

Branches:
Dungeon (11/15)            Temple (1/1) D:7            Lair (0/6) D:8
    Orc: D:9-12

Altars:
Ashenzari
Cheibriados
Dithmenos
Elyvilon
Fedhas
Gozag
Hepliaklqana
Kikubaaqudgha
Makhleb
Nemelex Xobeh
Okawaru
Qazlal
Ru
Sif Muna
Trog
Uskayaw
Vehumet
Xom
Yredelemnul
Zin
The Shining One

Annotations:
D:7 Host24's ghost, novice KoHu
D:10 Sonja


Innate Abilities, Weirdness & Mutations

You are resistant to torment.
Your stone body is resilient. (AC +7)
You are immune to poison.
You resist negative energy. (rN+)
You are resistant to electric shocks. (rElec)
You can survive without breathing.
You are immune to petrification.
You are immune to rotting.


Message History

There is an open door, spattered with blood here.
Things that are here:
a trident; a ring mail; an orc corpse You block the orc warrior's attack.
Your shield and chain mail prevent you from hitting the orc warrior.
The orc warrior hits you with a glaive!!
You block the orc knight's attack.
You hit the orc warrior.
The orc warrior is lightly wounded.
You slash the orc warrior!
There is a sudden explosion of sparks!
The orc warrior is almost dead.
You block the orc knight's attack. You block the orc warrior's attack.
You hit the orc warrior but do no damage.
The orc warrior is almost dead.
You hit the orc warrior.
The orc warrior is almost dead.
The orc knight hits you from afar with a halberd!!
* * * LOW HITPOINT WARNING * * *
The orc warrior hits you with a glaive!!
You die...

############ #######
#.∩........## ##.....#########
............######.......#.....#.
............#)..)#)......'.....'.
∩...........')))@oo....).'.....o.
..)))......)#)).)#)......'.....'o
..)))....[..######.......#.....#.
#.∩))......## ##.....#########
############ #######


You could see an orc knight and an orc warrior.

Vanquished Creatures
  A hydra (D:8)
  A hill giant (D:11)
  2 trolls
  2 dream sheep (D:8)
  A hippogriff (D:9)
  A wyvern (D:9)
  4 yaks (D:8)
  A water moccasin (D:10)
  6 orc warriors
  4 ice beasts
  2 phantoms
  4 black bears
  5 ogres
  A necrophage (D:7)
  2 centaurs
  2 crocodiles
  4 big kobolds (D:8)
  3 bullfrogs
  A gnoll sergeant (D:10)
  3 scorpions
  5 wights (D:6)
  A centaur zombie (D:9)
  6 electric eels (D:10)
  4 crimson imps
  A bullfrog zombie (D:9)
  A jelly (D:6)
  2 quasits
  3 orc priests
  A bullfrog skeleton (D:4)
  5 hounds
  9 orc wizards
  Jessica (D:3)
  Ijyb (D:3)
  3 worker ants
  A hound skeleton (D:4)
  10 gnolls
  A howler monkey skeleton (D:9)
  12 adders
  A river rat (D:8)
  3 shadow imps
  2 oozes
  4 adder skeletons
  4 worms
  4 dart slugs
  2 leopard geckos
  54 orcs
  11 bats
  6 giant cockroaches
  5 goblins
  3 hobgoblins
  7 jackals
  2 quokkas
  A ball python (D:5)
  6 frilled lizards
  14 kobolds
  A quokka skeleton (D:6)
  20 rats
  A fungus (D:8)
  2 plants (D:10)
270 creatures vanquished.

Vanquished Creatures (others)
  A fungus (D:8)
  3 plants (D:10)
4 creatures vanquished.

Grand Total: 274 creatures vanquished

Notes
Turn   | Place    | Note
-------+----------+-------------------------------------------
     0 | D:1      | BarneyGumball the Gargoyle Fighter began the quest for the Orb.
     0 | D:1      | Reached XP level 1. HP: 14/14 MP: 1/1
   265 | D:1      | Reached XP level 2. HP: 18/19 MP: 2/2
   362 | D:1      | Got a crude hand axe
   363 | D:1      | Identified the cursed +1 hand axe of Immorality {elec, rC+ Int+3} (You found it on level 1 of the Dungeon)
   769 | D:2      | Reached skill level 3 in Maces & Flails
   769 | D:2      | Reached XP level 3. HP: 23/23 MP: 3/3
  1122 | D:2      | Reached XP level 4. HP: 28/28 MP: 4/4
  1224 | D:3      | Reached skill level 4 in Maces & Flails
  1390 | D:3      | Noticed Jessica
  1402 | D:3      | Killed Jessica
  1402 | D:3      | Reached XP level 5. HP: 29/32 MP: 5/5
  1529 | D:3      | Reached skill level 5 in Maces & Flails
  1677 | D:3      | Noticed Ijyb
  1684 | D:3      | Killed Ijyb
  1989 | D:4      | Reached XP level 6. HP: 34/37 MP: 6/6
  2051 | D:4      | Reached skill level 6 in Maces & Flails
  2433 | D:4      | Reached skill level 7 in Maces & Flails
  2433 | D:4      | Reached XP level 7. HP: 40/41 MP: 7/7
  2603 | D:5      | Entered Level 5 of the Dungeon
  2955 | D:5      | Reached skill level 8 in Maces & Flails
  3388 | D:6      | Reached skill level 9 in Maces & Flails
  3388 | D:6      | Reached XP level 8. HP: 47/47 MP: 8/8
  3902 | D:6      | Reached skill level 10 in Maces & Flails
  4261 | D:7      | Found a sparkling altar of Nemelex Xobeh.
  4311 | D:7      | Found a staircase to the Ecumenical Temple.
  4325 | Temple   | Entered the Ecumenical Temple
  4395 | Temple   | Became a worshipper of Warmaster Okawaru
  4469 | D:7      | Got a jewelled hat
  4480 | D:7      | Identified the +1 hat of Tetaetwu {rElec Int+5} (You found it on level 7 of the Dungeon)
  4551 | D:7      | Noticed Host24's ghost (novice KoHu)
  4623 | D:8      | Reached skill level 11 in Maces & Flails
  4718 | D:8      | Reached XP level 9. HP: 46/51 MP: 9/9
  5054 | D:8      | Reached skill level 12 in Maces & Flails
  5120 | D:8      | Reached * piety under Okawaru
  5136 | D:8      | Found a staircase to the Lair.
  5163 | D:8      | Reached skill level 1 in Axes
  5697 | D:8      | You fall through a shaft for 2 floors!
  5697 | D:10     | Entered Level 10 of the Dungeon
  5815 | D:9      | Noticed a troll
  6061 | D:10     | Noticed a troll
  6103 | D:10     | Reached skill level 5 in Axes
  6108 | D:10     | Killed a troll
  6108 | D:10     | Reached ** piety under Okawaru
  6108 | D:10     | Reached XP level 10. HP: 30/56 MP: 10/10
  6820 | D:8      | Noticed a three-headed hydra
  6836 | D:8      | Killed a three-headed hydra
  6836 | D:8      | Reached *** piety under Okawaru
  8196 | D:10     | Reached XP level 11. HP: 42/60 MP: 11/11
  8319 | D:10     | Reached skill level 10 in Axes
  8469 | D:10     | Noticed Sonja
  8639 | D:11     | Noticed a hill giant
  8761 | D:11     | Killed a hill giant
  8846 | D:11     | Found a flagged portal.
  8851 | Bailey   | Entered a bailey
  8950 | Bailey   | Reached **** piety under Okawaru
  9128 | Bailey   | Noticed an orc knight
  9183 | Bailey   | Slain by an orc warrior

Skill      XL: |  1  2  3  4  5  6  7  8  9 10 11 |
---------------+----------------------------------+-----
Maces & Flails | 3 4 5 7 9 11 12 | 12.0
Axes           | 5 9 10 | 10.7
Fighting       | |  3.6
Armour         | |  3.3
Shields        | |  3.3

Action                   |  1- 3 |  4- 6 |  7- 9 | 10-12 || total
-------------------------+-------+-------+-------+-------++-------
Melee: Flail             |    28 |       |       |    20 ||    48
       Hand axe          |    51 |   150 |   411 |   339 ||   951
Invok: Heroism           |       |       |       |     3 ||     3
  Use: Scroll            |       |       |     9 |     9 ||    18
       Potion            |       |       |     2 |       ||     2
  Eat: Chunk             |     1 |     1 |     9 |     8 ||    19
       Bread ration      |       |     1 |       |     1 ||     2
       Pizza             |       |       |     1 |       ||     1
Armor: Scale mail        |    33 |    63 |   105 |       ||   201
       Chain mail        |       |       |    47 |   181 ||   228
Dodge: Dodged            |    19 |    40 |    79 |    58 ||   196
Block: Shield            |    41 |    64 |   202 |   182 ||   489
